| TOP OF THE 1ST |
|
Clinton Pilots batting - Pitching for Cedar Rapids Cardinals : LHP Curt Young
|
|
Pitching: LHP Curt Young
|
|
|
Batting: RHB Billy Hatcher
|
0-0: Fly out, F7 (Line Drive, 8LM, EV 95.6 MPH)
|
|
Batting: RHB Alberto Reyes
|
0-0: Bunt missed! 0-1: Swinging Strike 0-2: Ball 1-2: Foul Ball, location: 2F 1-2: Fly out, F9 (Flyball, 9D, EV 104.4 MPH)
|
|
Batting: RHB Mark Parent
|
0-0: Ball 1-0: Swinging Strike 1-1: Called Strike 1-2: Strikes out swinging
|
| Top of the 1st over - 0 runs, 0 hits, 0 errors, 0 left on base; Clinton 0 - Cedar Rapids 0 |
| BOTTOM OF THE 1ST |
|
Cedar Rapids Cardinals batting - Pitching for Clinton Pilots : RHP Rick Behenna
|
|
Pitching: RHP Rick Behenna
|
|
|
Batting: RHB Michael Strawberry
|
0-0: Ball 1-0: Foul Ball, location: 2F 1-1: Ball 2-1: Called Strike 2-2: Foul Ball, location: 2F 2-2: Ball 3-2: Base on Balls
|
|
Batting: RHB Winston Ficklin
|
0-0: Ball 1-0: Grounds into double play, 5-4-3 (Groundball, 56, EV 80.0 MPH)
|
|
Batting: RHB Randy Milligan
|
0-0: Ball 1-0: Ball 2-0: Foul Ball, location: 2F 2-1: Ball 3-1: Called Strike 3-2: Ground out 4-3 (Groundball, 4M, EV 101.3 MPH)
|
| Bottom of the 1st over - 0 runs, 0 hits, 0 errors, 0 left on base; Clinton 0 - Cedar Rapids 0 |
| TOP OF THE 2ND |
|
Clinton Pilots batting - Pitching for Cedar Rapids Cardinals : LHP Curt Young
|
|
Batting: RHB Abe Rael
|
0-0: Called Strike 0-1: Ball 1-1: Ball 2-1: Swinging Strike 2-2: Strikes out looking
|
|
Batting: RHB Joseph Rietano
|
0-0: Called Strike 0-1: Swinging Strike 0-2: Strikes out looking
|
|
Batting: RHB Edwin Rodriguez
|
0-0: Called Strike 0-1: Ball 1-1: Ball 2-1: Ball 3-1: SINGLE (Groundball, 25, EV 70.0 MPH) (infield hit)
|
|
Batting: RHB Donn Koch
|
0-0: Called Strike 0-1: Ball Edwin Rodriguez is caught stealing 2nd base 2-4
|
| Top of the 2nd over - 0 runs, 1 hit, 0 errors, 0 left on base; Clinton 0 - Cedar Rapids 0 |
| BOTTOM OF THE 2ND |
|
Cedar Rapids Cardinals batting - Pitching for Clinton Pilots : RHP Rick Behenna
|
|
Batting: LHB Terry Blocker
|
0-0: Ball 1-0: Fly out, F9 (Flyball, 9LM, EV 96.3 MPH)
|
|
Batting: RHB Miguel Sosa
|
0-0: Called Strike 0-1: SINGLE (Groundball, 56D, EV 94.4 MPH)
|
|
Batting: SHB Bobby Bonilla
|
0-0: Called Strike 0-1: Ball 1-1: Ball 2-1: Swinging Strike 2-2: Strikes out swinging
|
|
Batting: RHB Randy Ingle
|
0-0: Called Strike Miguel Sosa steals 2nd base (no throw) 0-1: Ball 1-1: Fly out, F8 (Flyball, 89M, EV 83.8 MPH)
|
| Bottom of the 2nd over - 0 runs, 1 hit, 0 errors, 1 left on base; Clinton 0 - Cedar Rapids 0 |
| TOP OF THE 3RD |
|
Clinton Pilots batting - Pitching for Cedar Rapids Cardinals : LHP Curt Young
|
|
Batting: RHB Donn Koch
|
0-0: Swinging Strike 0-1: Ball 1-1: Swinging Strike 1-2: Ball 2-2: Strikes out swinging
|
|
Batting: RHB Bert Pena
|
0-0: Called Strike 0-1: Ball 1-1: Ground out 4-3 (Groundball, 4M, EV 90.6 MPH)
|
|
Batting: SHB Donnie Hill
|
0-0: Called Strike 0-1: Ball 1-1: Ball 2-1: Ground out 4-3 (Groundball, 4, EV 88.1 MPH)
|
| Top of the 3rd over - 0 runs, 0 hits, 0 errors, 0 left on base; Clinton 0 - Cedar Rapids 0 |
| BOTTOM OF THE 3RD |
|
Cedar Rapids Cardinals batting - Pitching for Clinton Pilots : RHP Rick Behenna
|
|
Batting: RHB Dean Kornacker
|
0-0: Ball 1-0: Swinging Strike 1-1: Swinging Strike 1-2: DOUBLE (Line Drive, 5D, EV 95.0 MPH)
|
|
Batting: RHB Alex Duarte
|
0-0: Ball 1-0: Called Strike 1-1: Ball 2-1: Ball 3-1: Fly out, F6 (Line Drive, 6, EV 66.3 MPH) Lined into DP, 6-4 (Line Drive, 6, EV 72.5 MPH)
|
|
Batting: RHB Michael Strawberry
|
0-0: Swinging Strike 0-1: Called Strike 0-2: Strikes out looking
|
| Bottom of the 3rd over - 0 runs, 1 hit, 0 errors, 0 left on base; Clinton 0 - Cedar Rapids 0 |
| TOP OF THE 4TH |
|
Clinton Pilots batting - Pitching for Cedar Rapids Cardinals : LHP Curt Young
|
|
Batting: RHB Billy Hatcher
|
0-0: Ball 1-0: Ball 2-0: Swinging Strike 2-1: Foul Ball, location: 2F 2-2: Foul Ball, location: 2F 2-2: Strikes out looking
|
|
Batting: RHB Alberto Reyes
|
0-0: Fly out, F8 (Line Drive, 8RM, EV 89.4 MPH)
|
|
Batting: RHB Mark Parent
|
0-0: Foul Ball, location: 2F 0-1: Called Strike 0-2: Ball 1-2: Reached on error, E6 (Groundball, 6, EV 84.4 MPH)
|
|
Batting: RHB Abe Rael
|
0-0: Called Strike 0-1: Foul Ball, location: 2F 0-2: Strikes out swinging
|
| Top of the 4th over - 0 runs, 0 hits, 1 error, 1 left on base; Clinton 0 - Cedar Rapids 0 |
| BOTTOM OF THE 4TH |
|
Cedar Rapids Cardinals batting - Pitching for Clinton Pilots : RHP Rick Behenna
|
|
Batting: RHB Winston Ficklin
|
0-0: Fly out, F9 (Flyball, 89M, EV 86.9 MPH)
|
|
Batting: RHB Randy Milligan
|
0-0: Swinging Strike 0-1: Swinging Strike 0-2: Ball 1-2: Ball 2-2: Foul Ball, location: 2F 2-2: Foul Ball, location: 2F 2-2: Ball 3-2: Foul Ball, location: 2F 3-2: Strikes out swinging
|
|
Batting: LHB Terry Blocker
|
0-0: Called Strike 0-1: Called Strike 0-2: Ground out 6-3 (Groundball, 6S, EV 83.8 MPH)
|
| Bottom of the 4th over - 0 runs, 0 hits, 0 errors, 0 left on base; Clinton 0 - Cedar Rapids 0 |
| TOP OF THE 5TH |
|
Clinton Pilots batting - Pitching for Cedar Rapids Cardinals : LHP Curt Young
|
|
Batting: RHB Joseph Rietano
|
0-0: Foul Ball, location: 2F 0-1: Fly out, F4 (Popup, 4S, EV 75.0 MPH)
|
|
Batting: RHB Edwin Rodriguez
|
0-0: Ball 1-0: Foul Ball, location: 2F 1-1: SINGLE (Groundball, 4MS, EV 63.8 MPH) (infield hit)
|
|
Batting: RHB Donn Koch
|
0-0: Ball Edwin Rodriguez is caught stealing 2nd base 2-4 1-0: Called Strike 1-1: Ground out 1-3 (Groundball, P, EV 94.4 MPH)
|
| Top of the 5th over - 0 runs, 1 hit, 0 errors, 0 left on base; Clinton 0 - Cedar Rapids 0 |
| BOTTOM OF THE 5TH |
|
Cedar Rapids Cardinals batting - Pitching for Clinton Pilots : RHP Rick Behenna
|
|
Batting: RHB Miguel Sosa
|
0-0: DOUBLE (Flyball, 89D, EV 109.4 MPH)
|
|
Batting: SHB Bobby Bonilla
|
0-0: Ball 1-0: Ball 2-0: Foul Ball, location: 2F 2-1: Ball 3-1: Called Strike 3-2: Base on Balls
|
|
Batting: RHB Randy Ingle
|
0-0: Fly out, F9 (Flyball, 9, EV 93.8 MPH)
|
|
Batting: RHB Dean Kornacker
|
0-0: Foul Ball, location: 2F 0-1: Foul Ball, location: 2F 0-2: Ball 1-2: Ball 2-2: Ball 3-2: Foul Ball, location: 2F 3-2: Base on Balls Miguel Sosa to third Bobby Bonilla to second
|
|
Batting: RHB Alex Duarte
|
0-0: Called Strike 0-1: Ball 1-1: Called Strike 1-2: SINGLE (Line Drive, 78S, EV 95.0 MPH) Miguel Sosa scores Bobby Bonilla to third Dean Kornacker to second
|
|
Batting: RHB Michael Strawberry
|
0-0: Called Strike 0-1: Hit by Pitch Bobby Bonilla scores Dean Kornacker to third Alex Duarte to second
|
|
Pinch Runner at 1st Kyle Sanford:
|
|
|
Batting: RHB Winston Ficklin
|
0-0: Swinging Strike 0-1: Ball 1-1: Called Strike 1-2: Strikes out swinging
|
|
Batting: RHB Randy Milligan
|
0-0: Swinging Strike 0-1: Called Strike 0-2: Ball 1-2: Foul Ball, location: 2F 1-2: Ball 2-2: Strikes out swinging
|
| Bottom of the 5th over - 2 runs, 2 hits, 0 errors, 3 left on base; Clinton 0 - Cedar Rapids 2 |
| TOP OF THE 6TH |
|
Clinton Pilots batting - Pitching for Cedar Rapids Cardinals : LHP Curt Young
|
|
Now in CF: Ric Despaux
|
|
|
Batting: RHB Bert Pena
|
0-0: Called Strike 0-1: Foul Ball, location: 2F 0-2: Ball 1-2: Foul Ball, location: 2F 1-2: DOUBLE (Line Drive, 7LM, EV 95.6 MPH)
|
|
Batting: SHB Donnie Hill
|
0-0: Called Strike 0-1: Foul Ball, location: 2F 0-2: Foul Ball, location: 2F 0-2: Strikes out swinging
|
|
Batting: RHB Billy Hatcher
|
0-0: Swinging Strike 0-1: Swinging Strike 0-2: Ball 1-2: Foul Ball, location: 2F 1-2: Ground out 3-1 (Groundball, 34, EV 86.3 MPH) Bert Pena to third
|
|
Batting: RHB Alberto Reyes
|
0-0: Foul Ball, location: 2F 0-1: Ball 1-1: Fly out, F7 (Flyball, 7, EV 72.5 MPH)
|
| Top of the 6th over - 0 runs, 1 hit, 0 errors, 1 left on base; Clinton 0 - Cedar Rapids 2 |
| BOTTOM OF THE 6TH |
|
Cedar Rapids Cardinals batting - Pitching for Clinton Pilots : RHP Rick Behenna
|
|
Batting: LHB Terry Blocker
|
0-0: Fly out, F9 (Flyball, 9LM, EV 88.1 MPH)
|
|
Batting: RHB Miguel Sosa
|
0-0: Ball 1-0: Ground out 6-3 (Groundball, 56, EV 84.4 MPH)
|
|
Batting: SHB Bobby Bonilla
|
0-0: Ball 1-0: Called Strike 1-1: Foul Ball, location: 2F 1-2: Ball 2-2: Ball 3-2: Foul Ball, location: 2F 3-2: Fly out, F8 (Flyball, 8RM, EV 85.6 MPH)
|
| Bottom of the 6th over - 0 runs, 0 hits, 0 errors, 0 left on base; Clinton 0 - Cedar Rapids 2 |
| TOP OF THE 7TH |
|
Clinton Pilots batting - Pitching for Cedar Rapids Cardinals : LHP Curt Young
|
|
Batting: RHB Mark Parent
|
0-0: Foul Ball, location: 2F 0-1: Foul Ball, location: 2F 0-2: Ground out 6-3 (Groundball, 6, EV 82.5 MPH)
|
|
Batting: RHB Abe Rael
|
0-0: Swinging Strike 0-1: Called Strike 0-2: Strikes out swinging
|
|
Batting: RHB Joseph Rietano
|
0-0: Ball 1-0: Ground out 5-3 (Groundball, 56S, EV 70.0 MPH)
|
| Top of the 7th over - 0 runs, 0 hits, 0 errors, 0 left on base; Clinton 0 - Cedar Rapids 2 |
| BOTTOM OF THE 7TH |
|
Cedar Rapids Cardinals batting - Pitching for Clinton Pilots : RHP Rick Behenna
|
|
Batting: RHB Randy Ingle
|
0-0: Ball 1-0: SINGLE (Line Drive, 89S, EV 95.6 MPH)
|
|
Batting: RHB Dean Kornacker
|
0-0: Called Strike 0-1: Foul Ball, location: 2F 0-2: Ball 1-2: DOUBLE (Line Drive, 9LM, EV 104.4 MPH) Randy Ingle to third
|
|
Batting: RHB Alex Duarte
|
0-0: Fly out, F8 (Line Drive, 8LD, EV 90.6 MPH) Runner from 3rd tags up, SCORES, throw by CF
|
|
Batting: RHB Ric Despaux
|
0-0: Ball 1-0: Foul Ball, location: 2F 1-1: Hit by Pitch
|
|
Batting: RHB Winston Ficklin
|
0-0: Ball 1-0: Ball 2-0: Ball 3-0: Base on Balls Dean Kornacker to third Ric Despaux to second
|
|
Batting: RHB Randy Milligan
|
0-0: Ball 1-0: Called Strike 1-1: Reached on error, E7 (Flyball, 7S, EV 90.6 MPH) Dean Kornacker scores Ric Despaux to third Winston Ficklin to second
|
|
Batting: LHB Terry Blocker
|
0-0: Ball 1-0: Called Strike 1-1: Foul Ball, location: 2F 1-2: Ball 2-2: Foul Ball, location: 2F 2-2: Strikes out swinging
|
|
Batting: RHB Miguel Sosa
|
0-0: Ball 1-0: Fly out, F8 (Flyball, 8LD, EV 77.5 MPH)
|
| Bottom of the 7th over - 2 runs, 2 hits, 1 error, 3 left on base; Clinton 0 - Cedar Rapids 4 |
| TOP OF THE 8TH |
|
Clinton Pilots batting - Pitching for Cedar Rapids Cardinals : LHP Curt Young
|
|
Batting: RHB Edwin Rodriguez
|
0-0: Ball 1-0: Ball 2-0: Called Strike 2-1: Swinging Strike 2-2: Foul Ball, location: 2F 2-2: Reached on error, E5 (Groundball, 56, EV 94.4 MPH)
|
|
Batting: RHB Donn Koch
|
0-0: Foul Ball, location: 2F 0-1: Fly out, F3 (Flyball, 3D, EV 84.4 MPH)
|
|
Batting: RHB Bert Pena
|
0-0: Called Strike 0-1: Ball 1-1: Ground out 6-3 (Groundball, 6M, EV 86.3 MPH) Edwin Rodriguez to third
|
|
Batting: SHB Donnie Hill
|
0-0: Ball 1-0: Called Strike 1-1: SINGLE (Line Drive, 9LS, EV 94.4 MPH) Edwin Rodriguez scores
|
|
Batting: RHB Billy Hatcher
|
0-0: Fly out, F8 (Flyball, 89D, EV 101.9 MPH)
|
| Top of the 8th over - 1 run, 1 hit, 1 error, 1 left on base; Clinton 1 - Cedar Rapids 4 |
| BOTTOM OF THE 8TH |
|
Cedar Rapids Cardinals batting - Pitching for Clinton Pilots : RHP Rick Behenna
|
|
Batting: SHB Bobby Bonilla
|
0-0: DOUBLE (Line Drive, 89M, EV 102.5 MPH)
|
|
Batting: RHB Randy Ingle
|
0-0: Ground out 4-3 (Groundball, 4, EV 91.9 MPH) Bobby Bonilla to third
|
|
Pitching: LHP Huub Dikker
|
|
|
Batting: RHB Dean Kornacker
|
0-0: SINGLE (Groundball, 4D, EV 96.3 MPH) Bobby Bonilla scores
|
|
Batting: RHB Alex Duarte
|
0-0: SINGLE (Line Drive, 89S, EV 96.9 MPH) Dean Kornacker to second
|
|
Batting: RHB Ric Despaux
|
0-0: Ball 1-0: SINGLE (Flyball, 5D, EV 101.9 MPH) Dean Kornacker to third Alex Duarte to second Runner from 3rd tries for Home, SAFE, throw by LF to home
|
|
Batting: RHB Winston Ficklin
|
0-0: Swinging Strike 0-1: Foul Ball, location: 2F 0-2: Foul Ball, location: 2F 0-2: Ball 1-2: Foul Ball, location: 2F 1-2: Ball 2-2: Ball 3-2: Fly out, F8 (Flyball, 8RM, EV 88.8 MPH)
|
|
Batting: RHB Randy Milligan
|
0-0: Called Strike 0-1: Ball 1-1: Ball 2-1: Swinging Strike 2-2: Foul Ball, location: 2F 2-2: SINGLE (Groundball, 56D, EV 105.0 MPH) Alex Duarte to third Ric Despaux to second Runner from 3rd tries for Home, SAFE, no throw by LF
|
|
Batting: LHB Terry Blocker
|
0-0: Fly out, F8 (Flyball, 78XD, EV 93.1 MPH)
|
| Bottom of the 8th over - 3 runs, 5 hits, 0 errors, 2 left on base; Clinton 1 - Cedar Rapids 7 |
| TOP OF THE 9TH |
|
Clinton Pilots batting - Pitching for Cedar Rapids Cardinals : LHP Curt Young
|
|
Batting: RHB Alberto Reyes
|
0-0: Ball 1-0: Called Strike 1-1: Ground out 6-3 (Groundball, 6, EV 103.8 MPH)
|
|
Batting: RHB Mark Parent
|
0-0: Ball 1-0: Ball 2-0: Ball 3-0: Called Strike 3-1: Ground out 5-3 (Groundball, 56S, EV 80.6 MPH)
|
|
Batting: RHB Abe Rael
|
0-0: Ball 1-0: Swinging Strike 1-1: Ball 2-1: Foul Ball, location: 2F 2-2: Strikes out swinging
|
| Top of the 9th over - 0 runs, 0 hits, 0 errors, 0 left on base; Clinton 1 - Cedar Rapids 7 |
|